 Dungeon Crawl Stone Soup version 0.28.0 (webtiles) character file.

Game seed: 15252603068884778266

2634 pkoi the Archer (level 9, -1/86 HPs)
             Began as a Minotaur Hunter on Feb 10, 2022.
             Was an Initiate of Okawaru.
             Slain by Edmund (3 damage)
             ... while paralysed by Grinder
             ... on level 5 of the Dungeon.
             The game lasted 00:13:51 (11455 turns).

pkoi the Archer (Minotaur Hunter)                  Turns: 11455, Time: 00:13:52

Health: -1/86      AC:  3    Str: 20    XL:     9   Next: 35%
Magic:  8/8        EV:  2    Int:  8    God:    Okawaru [......]
Gold:   294        SH:  0    Dex: 12    Spells: 8/8 levels left

rFire   . . .      SeeInvis .   b - +0 whip (elec)
rCold   . . .      Faith    .   (no shield)
rNeg    . . .      Spirit   .   c - +0 leather armour
rPois   .          Reflect  .   (helmet restricted)
rElec   .          Harm     .   s - scarf {+Inv}
rCorr   .          Rampage  .   (no gloves)
Will    .....                   (no boots)
Stlth   +.........              (no amulet)
HPRegen 0.24/turn               (no ring)
MPRegen 0.11/turn               (no ring)

@: paralysed, studying 2 skills
A: horns 2, retaliatory headbutt
a: Renounce Religion, Evoke Invisibility


You were on level 5 of the Dungeon.
You worshipped Okawaru.
Okawaru was noncommittal.
You visited 2 branches of the dungeon, and saw 8 of its levels.
You also visited: Sewer.

You collected 294 gold pieces.

Inventory:

Hand Weapons
 a - a +0 shortbow
 b - a +0 whip of electrocution (weapon)
 f - a +0 falchion
 o - a +2 shortbow of chaos
 u - a +0 short sword
Missiles
 d - 79 arrows
Armour
 c - a +0 leather armour (worn)
 s - a scarf of invisibility (worn)
Jewellery
 q - a ring of see invisible
 t - an amulet of magic regeneration
Wands
 e - a wand of flame (12)
 k - a wand of digging (9)
 p - a wand of iceblast (10)
 v - a wand of paralysis (8)
Scrolls
 h - a scroll of identify
 m - 3 scrolls of teleportation
 n - a scroll of enchant weapon
 w - a scroll of fear
 y - a scroll of noise {unknown}
 A - a scroll of magic mapping
Potions
 g - 4 potions of curing
 i - a potion of magic
 j - a potion of heal wounds {unknown}
 l - a potion of flight
 r - a potion of lignification
 x - 2 potions of degeneration
 z - a potion of invisibility {unknown}


   Skills:
 + Level 10.8 Fighting
 * Level 11.8 Bows
 - Level 3.0 Armour
 - Level 3.7 Dodging
 - Level 0.7 Stealth
 + Level 0.0 Invocations
 - Level 2.0 Evocations


You had 8 spell levels left.
You didn't know any spells.
Your spell library contained the following spells:

 Spells                   Type           Power      Damage    Failure   Level
 Apportation              Tloc           0%         N/A       45%         1
 Sandblast                Erth           0%         2d4       45%         1
 Slow                     Hex            0%         N/A       45%         1
 Sting                    Tmut/Pois      0%         1d3       45%         1
 Blink                    Tloc           0%         N/A       58%         2
 Passwall                 Tmut/Erth      0%         N/A       58%         2
 Poisonous Vapours        Pois/Air       0%         N/A       58%         2
 Confusing Touch          Hex            0%         N/A       83%         3
 Lesser Beckoning         Tloc           0%         N/A       83%         3
 Stone Arrow              Conj/Erth      0%         3d7       83%         3
 Vampiric Draining        Necr           0%         2d6       83%         3
 Olgreb's Toxic Radiance  Pois           0%         N/A       99%         4
 Manifold Assault         Tloc           0%         N/A       100%        5
 Animate Skeleton         Necr           Unusable   N/A       N/A         1
 Summon Small Mammal      Summ           Unusable   N/A       N/A         1

Dungeon Overview and Level Annotations

Branches:
Dungeon (7/15)             Temple (1/1) D:7           Sewer (visited)

Altars:
Ashenzari
Dithmenos
Elyvilon
Gozag
Hepliaklqana
Kikubaaqudgha
Makhleb
Nemelex Xobeh
Okawaru
Qazlal
Ru
Sif Muna
Uskayaw
Vehumet
Wu Jian
Xom
Yredelemnul
Zin
The Shining One

Shops:
D:1 :

Annotations:
D:5 Edmund, Grinder
D:7 2 transporters


Innate Abilities, Weirdness & Mutations

You have a pair of horns on your head.
You reflexively headbutt those who attack you in melee.


Message History

The white imp is severely wounded.
The yak gores you!
* * * LOW HITPOINT WARNING * * *
The white imp misses you.
You hit the white imp. You headbutt the white imp.
You kill the white imp!
Okawaru accepts your kill. The yak barely misses you.
There is a shaft here.
The yak falls through a shaft!
The shaft crumbles and collapses.
There is a stone staircase leading up, spattered with blood here.
You climb upwards.
Level annotation: Edmund, Grinder Edmund barely misses you.
You furiously retaliate!
You headbutt Edmund, but do no damage.
There is a stone staircase leading down here.
Unknown command.
Okay, then.
Unknown command.
You closely miss Edmund. You headbutt Edmund, but do no damage.
Edmund barely misses you. You furiously retaliate!
You headbutt Edmund, but do no damage. You hit Edmund but do no damage.
Lightning courses through Edmund!
Edmund is heavily wounded.
Grinder gestures at you.
You suddenly lose the ability to move!
Edmund hits you with a +2 vorpal dire flail!
* * * LOW HITPOINT WARNING * * *
x2 Grinder hits you.
* * * LOW HITPOINT WARNING * * *
You writhe in agony.
* * * LOW HITPOINT WARNING * * *
Edmund hits you with a +2 vorpal dire flail!
* * * LOW HITPOINT WARNING * * *
x2 Grinder zaps a wand.
The puff of flame hits you!
* * * LOW HITPOINT WARNING * * *
Edmund gestures with his flail.
Edmund hits you with a +2 vorpal dire flail!
* * * LOW HITPOINT WARNING * * *
You die...

.......#(.......###.####.####+##.
######'#........#..............#.
................#..............#.
................'..............#.
................###.##...###...#)
........#####.....#.##...###...#.
........#.. #.....#..............
#+#######...#.....#.............#
#(.((...@(#.............#
#...#...@5#....(........# #..
#.....#+#####'####.## #.
#....(...........### #
#................#
#................#
#................#
#................#
#................#


You could see Edmund and Grinder.

Vanquished Creatures
  Sigmund (D:4)
  A wyvern (D:7)
  Eustachio (D:5)
  3 yaks
  An orc warrior (D:7)
  2 black bears
  An ice beast (D:7)
  A sky beast (D:7)
  3 centaurs
  A kobold brigand (D:7)
  Blork the orc (D:4)
  A bullfrog (D:7)
  A scorpion (D:7)
  2 howler monkeys
  A bullfrog zombie (D:5)
  An orc priest (D:7)
  4 hounds
  A bullfrog skeleton (D:5)
  Jessica (D:3)
  Ijyb (D:4)
  5 iguanas
  3 orc wizards (D:7)
  A hell rat (Sewer)
  A killer bee zombie (D:5)
  A hound zombie (D:5)
  2 gnolls
  6 adders
  4 river rats
  A white imp (D:6)
  A worm (D:3)
  An adder skeleton (D:4)
  2 dart slugs
  11 orcs
  6 bats
  9 endoplasms
  4 giant cockroaches
  5 goblins
  5 jackals
  12 kobolds
  4 quokkas
  4 ball pythons
  6 frilled lizards
  16 rats
139 creatures vanquished.

Notes
Turn   | Place    | Note
-------+----------+-------------------------------------------
     0 | D:1      | pkoi the Minotaur Hunter began the quest for the Orb.
     0 | D:1      | Reached XP level 1. HP: 18/18 MP: 0/0
   128 | D:1      | Found a faded altar of an unknown god.
   393 | D:1      | Reached XP level 2. HP: 24/25 MP: 1/1
   431 | D:1      | Reached skill level 5 in Bows
   598 | D:1      | Found Xeifoago's Book Shoppe.
   646 | D:1      | Reached XP level 3. HP: 15/30 MP: 2/2
   907 | D:1      | Reached skill level 1 in Armour
  2027 | D:2      | Found a shimmering blue altar of Sif Muna.
  2501 | D:3      | Reached XP level 4. HP: 25/37 MP: 3/3
  3352 | D:3      | Reached skill level 6 in Bows
  3792 | D:3      | Noticed Jessica
  3797 | D:3      | Killed Jessica
  3798 | D:3      | Reached XP level 5. HP: 32/42 MP: 4/4
  4018 | D:4      | Noticed Blork the orc
  4018 | D:4      | Noticed Sigmund
  4225 | D:5      | Entered Level 5 of the Dungeon
  4453 | D:5      | Noticed a black bear
  4468 | D:5      | Killed a black bear
  4469 | D:5      | Reached XP level 6. HP: 32/50 MP: 5/5
  4699 | D:5      | Noticed Eustachio
  4714 | D:5      | HP: 1/50 [Eustachio (4)]
  4718 | D:5      | Killed Eustachio
  4719 | D:5      | Reached skill level 7 in Bows
  5292 | D:5      | Reached XP level 7. HP: 49/60 MP: 6/6
  5447 | D:5      | Reached skill level 5 in Fighting
  5513 | D:5      | Reached skill level 8 in Bows
  5656 | D:5      | Noticed a yak
  5726 | D:6      | Found a glowing drain.
  5784 | Sewer    | Entered a sewer
  6972 | D:6      | Reached skill level 9 in Bows
  7327 | D:6      | Reached XP level 8. HP: 60/73 MP: 7/7
  7581 | D:7      | Reached skill level 10 in Bows
  7833 | D:7      | Found a hazy altar of Hepliaklqana.
  7833 | D:7      | Found a burning altar of Makhleb.
  8079 | D:7      | Found a transporter.
  8574 | D:7      | Reached skill level 11 in Bows
  8841 | D:7      | Found a transporter.
  9169 | D:7      | Found a staircase to the Ecumenical Temple.
  9300 | Temple   | Entered the Ecumenical Temple
  9454 | Temple   | Became a worshipper of Warmaster Okawaru
  9611 | D:6      | Reached skill level 10 in Fighting
  9611 | D:6      | Reached XP level 9. HP: 52/85 MP: 8/8
 10048 | D:4      | Killed Sigmund
 10049 | D:4      | Reached skill level 1 in Evocations
 10206 | D:4      | Noticed Ijyb
 10225 | D:4      | Killed Ijyb
 10550 | D:4      | Killed Blork the orc
 11416 | D:5      | Noticed Grinder
 11423 | D:5      | Noticed Edmund
 11453 | D:5      | Paralysed by Grinder for 6 turns
 11455 | D:5      | HP: 2/86 [Edmund (7)]
 11455 | D:5      | Slain by Edmund

Illustrated notes

Levels and vault maps discovered:
D:1:      minmay_arrival_five_plusses, layout_loops_corners,
          chequers_ecumenical_altar_island, serial_shops,
          nicolae_shop_window_shopping, minmay_octomino_c4
D:2:      layout_basic, basic_altar
D:3:      kb_forest_paths, layout_basic, uniq_jessica
D:4:      layout_layer_cave, minmay_box_of_dots, uniq_blork_the_orc, uniq_ijyb,
          uniq_sigmund
D:5:      layout_gridville, chequers_decorated_corner, glass_columns_b,
          uniq_eustachio, uniq_grinder, uniq_edmund
D:6:      layout_loops_ring, portal_sewer_entry_c, kennysheep_generic_room_7
D:7:      gammafunk_steamed_eel, layout_basic,
          chequers_temple_overflow_statue_of_worship, lemuel_temple_firewalk_b,
          st_stairs_5, minmay_manual_mares
Temple:   minmay_crystal_spiral_temple

Skill      XL: |  1  2  3  4  5  6  7  8  9 |
---------------+----------------------------+-----
Bows           | 5 6 7 9 11 | 11.8
Armour         | 1 2 3 |  3.0
Dodging        | 3 |  3.7
Fighting       | 4 7 10 | 10.8
Evocations     | 2 |  2.0
Stealth        | |  0.7

Action                   |  1- 3 |  4- 6 |  7- 9 || total
-------------------------+-------+-------+-------++-------
Melee: Short sword       |    83 |     8 |       ||    91
       Headbutt          |     5 |     2 |    24 ||    31
       Whip              |       |       |    99 ||    99
       Punch             |       |       |     1 ||     1
 Fire: Shortbow          |    21 |    96 |   240 ||   357
  Use: Potion            |       |     3 |       ||     3
       Scroll            |       |       |    15 ||    15
 Stab: Sleeping          |     1 |       |       ||     1
Armor: Leather armour    |    31 |     8 |    20 ||    59
Dodge: Dodged            |    58 |    26 |    82 ||   166
